 Dungeon Crawl Stone Soup version 0.30-a0-528-g8c47a4955b (webtiles) character file.

Game seed: 16190643751122337230

34 Jase the Digger (level 3, 19/19 HPs)
             Began as a Gargoyle Earth Elementalist on Dec 24, 2022.
             Quit the game on level 2 of the Dungeon.
             The game lasted 00:03:41 (842 turns).

Jase the Digger (Gargoyle Earth Elementalist)        Turns: 842, Time: 00:03:41

Health: 19/19      AC:  8    Str: 11    XL:     3   Next: 31%
Magic:  6/6        EV: 11    Int: 17    God:
Gold:   70         SH:  0    Dex: 10    Spells: 3/6 levels left

rFire   . . .      SeeInvis .    a - +0 dagger
rCold   . . .      Faith    .    (no shield)
rNeg    + . .      Spirit   .    m - +0 leather armour
rPois   ∞          Reflect  .    (no helmet)
rElec   +          Harm     .    k - +0 cloak
rCorr   .          Rampage  .    (no gloves)
Will    .....                    e - +0 pair of boots
Stlth   ++                       (no amulet)
HPRegen 0.23/turn                (no ring)
MPRegen 0.10/turn                (no ring)

@: no status effects
A: sickness immunity, AC +3, negative energy resistance 1, electricity
resistance, torment resistance 1, petrification resistance
a: no special abilities


You were on level 2 of the Dungeon.
You visited 1 branch of the dungeon, and saw 2 of its levels.

You collected 70 gold pieces.

Inventory:

Hand Weapons
 a - a +0 dagger (weapon)
 b - a +0 short sword
Missiles
 c - 6 atropa-tipped darts
Armour
 e - a +0 pair of boots (worn)
 k - a +0 cloak (worn)
 m - a +0 leather armour (worn)
Scrolls
 d - a scroll of butterflies {unknown}
 i - a scroll of enchant weapon {unknown}
 j - a scroll of blinking {unknown}
 l - a scroll of noise {unknown}
Potions
 f - a potion of magic
 g - a potion of heal wounds {unknown}
 h - a potion of brilliance {unknown}
 n - a potion of degeneration {unknown}


   Skills:
 + Level 0.2 Short Blades
 + Level 2.0 Dodging
 + Level 2.8 Stealth
 - Level 2.0 Spellcasting
 + Level 1.3 Transmutations
 + Level 4.1 Earth Magic


You had 3 spell levels left.
You knew the following spells:

 Your Spells              Type           Power      Damage    Failure   Level
a - Sandblast             Erth           30%        2d9       4%          1
b - Passwall              Tmut/Erth      8%         N/A       13%         2

Your spell library contained the following spells:

 Spells                   Type           Power      Damage    Failure   Level
 Stone Arrow              Conj/Erth      16%        3d8       32%         3
 Summon Guardian Golem    Hex/Summ       1%         N/A       58%         3
 Petrify                  Tmut/Erth      10%        N/A       63%         4
 Orb of Destruction       Conj           0%         9d5       100%        7
 Spellforged Servitor     Conj/Summ      0%         N/A       100%        7


Dungeon Overview and Level Annotations

Branches:
Dungeon (2/15)

Altars:


Innate Abilities, Weirdness & Mutations

You are immune to sickness and miasma.
Your stone body is resilient. (AC +3)
You are immune to poison.
You resist negative energy. (rN+)
You are resistant to electric shocks. (rElec)
You are resistant to unholy torment.
You are immune to petrification.


Message History

You hit the gnoll but do no damage.
The gnoll is lightly wounded.
The gnoll misses you.
You hit the gnoll.
The gnoll is heavily wounded.
The gnoll closely misses you.
You hit the gnoll but do no damage.
The gnoll is heavily wounded.
The gnoll hits you with a +0 club.
You barely miss the gnoll.
The gnoll is heavily wounded.
The gnoll hits you but does no damage.
You closely miss the gnoll.
The gnoll is heavily wounded.
The gnoll barely misses you.
You hit the gnoll but do no damage.
The gnoll is heavily wounded.
The gnoll hits you but does no damage.
You hit the gnoll.
The gnoll is heavily wounded.
The gnoll completely misses you.
You hit the gnoll.
The gnoll is severely wounded.
The gnoll barely misses you.
You hit the gnoll.
The gnoll is almost dead.
The gnoll hits you with a +0 club.
You hit the gnoll.
You kill the gnoll!
Your Dodging skill increases to level 2!
No target in view!
a - a +0 dagger (weapon)
Things that are here:
a +0 club; a gnoll corpse You see here a rat corpse.
You start resting.
HP restored.
Okay, then.
Unknown command.
Are you sure you want to abandon this character and quit the game? (Confirm with "yes".)

#..........
#.........#
#.........#
########.........# #
.................##.#
####
.....................
....
.................##.#
#.[
............)....##.#
#.#
........########@##.#
# # ........# #.##.#
# ........# #.##.# #
##....... #.#..#
#####.#### #.......#
#...## #.........
#...g...#
#...#####....#####
#.......#
#.###.....##....# #
#...g...#
#.....###.##....# #
#........
#...............# #


There were no monsters in sight!

Vanquished Creatures
  A gnoll (D:2)
  2 giant cockroaches (D:2)
  5 goblins
  5 hobgoblins
  4 bats
  5 rats
22 creatures vanquished.

Notes
Turn   | Place    | Note
-------+----------+-------------------------------------------
     0 | D:1      | Jase the Gargoyle Earth Elementalist began the quest for
                  | the Orb.
     0 | D:1      | Reached XP level 1. HP: 10/10 MP: 3/3
   186 | D:1      | Reached skill level 1 in Transmutations
   212 | D:1      | Reached XP level 2. HP: 14/15 MP: 5/5
   586 | D:2      | Learned a level 2 spell: Passwall
   664 | D:2      | Reached skill level 4 in Earth Magic
   766 | D:2      | Reached XP level 3. HP: 19/19 MP: 4/6
   842 | D:2      | Quit the game

Illustrated notes

Levels and vault maps discovered:
D:1:      psy_arrival_spokes, layout_rooms
D:2:      layout_basic, ebering_ecumenical_altar_petrified, basic_altar,
          grunt_ministairs_6

Skill      XL: |  1  2  3 |
---------------+----------+-----
Transmutations | 1 |  1.3
Earth Magic    | 4 |  4.1
Dodging        | 2 |  2.0
Short Blades   | |  0.2
Stealth        | |  2.8
Spellcasting   | |  2.0

Action                   || total
-------------------------++-------
Melee: Mace              ||    51
       Dagger            ||     1
       Short sword       ||    12
 Cast: Sandblast         ||     3
       Passwall          ||     1
 Stab: Sleeping          ||     1
Armor: Ring mail         ||    36
       Leather armour    ||     3
Dodge: Dodged            ||    46

Table legend: (Time is in decaauts)
 A = Elapsed time spent in this place.
 B = Non-inter-level travel time spent in this place.
 C = Inter-level travel time spent in this place.
 D = Time resting spent in this place.
 E = Time spent auto-exploring this place.
 F = Levels seen in this place.
 G = Mean time per level.
                   A        B        C        D        E       F      G
               +--------+--------+--------+--------+--------+-----+--------+
         Total |    861 |    825 |     36 |     91 |    459 |   2 |  430.5 |
       Dungeon |    861 |    825 |     36 |     91 |    459 |   2 |  430.5 |
               +--------+--------+--------+--------+--------+-----+--------+

Top non-repeatable levels by time:
     D:1: 561 daAuts
     D:2: 300 daAuts
